 Dungeon Crawl Stone Soup version 0.16-a0-621-gdc21f72 (webtiles) character file.

106 PolkaDot the Caller (level 4, -6/30 HPs)
             Began as a Vampire Summoner on Sept 17, 2014.
             Mangled by a gnoll
             ... wielding a +0 halberd
              (19 damage)
             ... on Level 2 of the Dungeon.
             The game lasted 00:06:50 (2057 turns).

PolkaDot the Caller (Vampire Summoner)              Turns: 2057, Time: 00:06:50

HP  -6/30        AC  2     Str  7      XL: 4   Next: 55%
MP   4/8         EV 12     Int 18      God:
Gold 71          SH  0     Dex 14      Spells:  3 memorised,  2 levels left

rFire  . . .     SeeInvis +     c - +1 dagger (freeze)
rCold  . . .     Clarity  .     a - +0 robe
rNeg   . . .     rCorr    .     (no shield)
rPois  .         rRot     .     (no helmet)
rElec  .         Spirit   .     (no cloak)
SustAb .         Warding  .     (no gloves)
rMut   .         Stasis   .     (no boots)
Gourm  .                        (no amulet)
MR     .....                    (no ring)
                                (no ring)

@: very slightly contaminated, regenerating quickly, not resistant to hostile
enchantments, unstealthy
A: fangs 3, see invisible, unbreathing
a: no special abilities


You were on level 2 of the Dungeon.
You were full.

You visited 1 branch of the dungeon, and saw 2 of its levels.

You collected 71 gold pieces.

Inventory:

Hand weapons
 c - a +1 dagger of freezing (weapon)
Armour
 a - a +0 robe (worn)
Magical devices
 j - a wand of fireball (2) {unknown}
Scrolls
 d - 2 scrolls of identify {unknown}
 e - a scroll of blinking {unknown}
 f - 2 scrolls of recharging {unknown}
 g - 2 scrolls of remove curse {unknown}
 h - a scroll of magic mapping {unknown}
 i - a scroll of noise {unknown}
 l - a scroll of amnesia {unknown}
Books
 b - a book of Callings

   Spells                             Type                      Level
   *Summon Small Mammal               Summoning                    1
   *Call Imp                          Summoning                    2
   *Call Canine Familiar              Summoning                    3
   Summon Guardian Golem              Hexes/Summoning              4
   Summon Lightning Spire             Summoning/Air                4
   Summon Ice Beast                   Ice/Summoning                4


   Skills:
 - Level 2.1 Dodging
 - Level 3.0 Stealth
 + Level 2.7 Spellcasting
 * Level 5.6 Summonings


You had 2 spell levels left.
You knew the following spells:

 Your Spells              Type           Power        Failure   Level  Hunger
a - Summon Small Mammal   Summ           ###.         1%          1    #......
d - Call Canine Familiar  Summ           ###.....     6%          3    ###....
s - Call Imp              Summ           ###.....     2%          2    ##.....


Dungeon Overview and Level Annotations

Branches:
Dungeon (2/15)

Altars:
Ashenzari


Innate Abilities, Weirdness & Mutations

Your natural rate of healing is unusually fast.
You have razor-sharp teeth.
You have supernaturally acute eyesight.
You can survive without breathing.


Message History

You barely miss the gnoll.
The gnoll is severely wounded.
The gnoll closely misses your hound.
Your hound bites the gnoll.
The gnoll barely misses you.
The gnoll hits you from afar with a halberd!
* * * LOW HITPOINT WARNING * * *
You barely miss the gnoll.
The gnoll is almost dead.
Your hound misses the gnoll. The gnoll closely misses your hound.
The gnoll closely misses you.
Your hound bites the gnoll.
The gnoll dies!
The gnoll hits you from afar with a halberd.
* * * LOW HITPOINT WARNING * * *
The gnoll hits your hound.
Your hound bites the gnoll but does no damage.
You hit the gnoll but do no damage.
Your hound closely misses the gnoll.
The gnoll hits your hound but does no damage.
The gnoll hits you with a halberd!!
Ouch! That really hurt!
You die...

......)...#####).####.#
.########..#..........#
..# ##..###..#..#####
..# ###.#..#..#.#.#
.g###%.###...###..##
...#.#..#..#..#..#.#
.#.####...###...####
.....#..#..#.(#..#.#
..#....###)..###@..###
..#..#..#..#..#hg#...#
..#####...###..g####.#
#.##.#..#..#..#..#.#.#
#.###..###...###..##.#
#g# #.#5#..#..#......#
#.# #.55..###....#####
#g###.#....#..#..#
...##.###.....#..#


You could see 2 gnolls and a friendly hound.

Vanquished Creatures
  Terence (D:2)
  4 adders (D:2)
  2 worms (D:2)
  5 bats
  2 giant cockroaches
  2 hobgoblins (D:1)
  2 jackals (D:1)
  2 giant newts
  5 goblins
  4 kobolds
  6 rats
35 creatures vanquished.

Vanquished Creatures (collateral kills)
  A gnoll (D:2)
  An adder (D:2)
  2 worms (D:2)
  A giant gecko (D:2)
  A kobold (D:2)
  A goblin (D:2)
  A rat (D:1)
8 creatures vanquished.

Vanquished Creatures (others)
  A hound (D:2)
  A quokka (D:1)
2 creatures vanquished.

Grand Total: 45 creatures vanquished

Notes
Turn   | Place    | Note
--------------------------------------------------------------
     0 | D:1      | PolkaDot, the Vampire Summoner, began the quest for the Orb.
     0 | D:1      | Reached XP level 1. HP: 13/13 MP: 3/3
   437 | D:1      | Reached XP level 2. HP: 19/19 MP: 4/4
   835 | D:1      | Learned a level 2 spell: Call Imp
   939 | D:2      | Reached XP level 3. HP: 24/24 MP: 6/6
   960 | D:2      | Reached skill level 5 in Summonings
  1411 | D:2      | Reached XP level 4. HP: 28/30 MP: 8/8
  1413 | D:2      | Found a shattered altar of Ashenzari.
  1650 | D:2      | Noticed Terence
  1656 | D:2      | Learned a level 3 spell: Call Canine Familiar
  1716 | D:2      | Killed Terence
  2057 | D:2      | Mangled by a gnoll

Action                   |  1- 3 |  4- 6 || total
-------------------------+-------+-------++-------
Melee: Dagger            |   111 |    48 ||   159
       Unarmed           |    13 |       ||    13
 Cast: Summon Small Mamm |     2 |       ||     2
       Call Imp          |     8 |     5 ||    13
       Call Canine Famil |       |     3 ||     3
  Use: Potion            |     2 |     1 ||     3
 Stab: Sleeping          |     4 |       ||     4
       Distracted        |     1 |     1 ||     2
  Eat: Corpse            |     9 |     3 ||    12
